 Dungeon Crawl Stone Soup version 0.29.0-11-gd7f09526c8 (webtiles) character file.

Game seed: 575148694254472568

106358 Flugkiller the Severer (level 15, -2/141 HPs)
             Began as a Minotaur Fighter on Sept 5, 2022.
             Was the Champion of Okawaru.
             Slain by an alligator (20 damage)
             ... called by a spriggan druid
             ... on level 4 of the Swamp.
             The game lasted 00:13:29 (23838 turns).

Flugkiller the Severer (Minotaur Fighter)          Turns: 23838, Time: 00:13:30

Health: -2/141     AC: 34    Str: 23    XL:     15   Next: 97%
Magic:  29/31      EV: 17    Int:  8    God:    Okawaru [******]
Gold:   2710       SH:  0    Dex: 10    Spells: 14/14 levels left

rFire   . . .      SeeInvis +   R - +11 executioner's axe "Zout" {elec, rN+++ Will+ MP+9 Dex-5}
rCold   + . .      Faith    .   (shield currently unavailable)
rNeg    + + +      Spirit   .   s - +1 plate armour of Terror {rPois}
rPois   +          Reflect  .   V - +0 mask of the Dragon {Will+ Slay+3 SInv}
rElec   .          Harm     .   Q - +2 cloak
rCorr   .          Rampage  .   o - +5 pair of gloves "Olerab" {Will+ Int+3}
Will    ++++.                   e - +2 pair of boots
Stlth   ..........              J - amulet of regeneration
HPRegen 1.13/turn               v - +4 ring of evasion
MPRegen 0.22/turn               c - ring of protection from cold

@: heroic
A: horns 2, retaliatory headbutt
a: Renounce Religion, Heroism, Finesse, Duel


You were on level 4 of the Swamp.
You worshipped Okawaru.
Okawaru was exalted by your worship.
You visited 5 branches of the dungeon, and saw 27 of its levels.
You also visited: Bailey.

You collected 3141 gold pieces.
You spent 431 gold pieces at shops.

Inventory:

Hand Weapons
 p - a +4 dagger of distortion
   (You took it off Psyche on level 8 of the Dungeon)
 B - the +6 battleaxe of the Pits of Slime {flame, Str+3}
   (You found it on level 6 of the Dungeon)

   It burns those it strikes, dealing additional fire damage.
   Big, fiery blades are also staple armaments of hydra-hunters.
   Str:       It affects your strength (+3).
 K - a +1 spectral broad axe
   (Okawaru gifted it to you on level 2 of the Lair of Beasts)
 R - the +11 executioner's axe "Zout" (weapon) {elec, rN+++ Will+ MP+9 Dex-5}
   (Okawaru gifted it to you on level 5 of the Lair of Beasts)

   It occasionally discharges a powerful burst of electricity upon striking a
   foe.
   Dex:       It affects your dexterity (-5).
   rN:        It renders you almost immune to negative energy.
   MP:        It affects your magic capacity (+9).
   Will:      It increases your willpower.
Missiles
 I - 10 throwing nets (quivered)
Armour
 e - a +2 pair of boots (worn)
   (You found it on level 14 of the Dungeon)
 o - the +5 pair of gloves "Olerab" (worn) {Will+ Int+3}
   (Okawaru gifted it to you on level 2 of the Orcish Mines)

   Int:       It affects your intelligence (+3).
   Will:      It increases your willpower.
 s - the +1 plate armour of Terror (worn) {rPois}
   (You bought it in a shop on level 1 of the Dungeon)

   rPois:     It protects you from poison.
 L - a +2 hat of see invisible
   (You took it off Gastronok on level 2 of the Lair of Beasts)
 Q - a +2 cloak (worn)
   (You found it on level 1 of the Dungeon)
 V - the +0 mask of the Dragon (worn) {Will+ Slay+3 SInv}
   (You found it in a bailey)

   Slay:      It affects your accuracy & damage with ranged weapons and melee
   (+3).
   SInv:      It lets you see invisible.
   Will:      It increases your willpower.
Jewellery
 b - the amulet of the Four Winds {rN+ Will+++ Clar}
   (You took it off a deep elf pyromancer in a bailey)

   [amulet of nothing]

   rN:        It protects you from negative energy.
   Clar:      It protects you against confusion.
   Will:      It greatly increases your willpower.
 c - a ring of protection from cold (right hand)
   (You found it on level 3 of the Lair of Beasts)
 f - a ring of protection from fire
   (You found it on level 4 of the Lair of Beasts)
 i - a ring of see invisible
   (You found it on level 1 of the Swamp)
 v - a +4 ring of evasion (left hand)
   (You found it on level 11 of the Dungeon)
 A - a ring of flight
   (You found it on level 1 of the Swamp)
 C - an amulet of reflection
   (You found it on level 6 of the Dungeon)
 J - an amulet of regeneration (around neck)
   (You found it on level 1 of the Lair of Beasts)
 T - the amulet of Nuiro {Faith Harm Regen+ Int+3 Dex+2}
   (You found it on level 10 of the Dungeon)

   [amulet of faith]

   It allows you to gain divine favour quickly.
   Int:       It affects your intelligence (+3).
   Dex:       It affects your dexterity (+2).
   Regen:     It increases your rate of health regeneration.
   Harm:      It increases damage dealt and taken.
Wands
 g - a wand of digging (7)
   (You found it on level 10 of the Dungeon)
 k - a wand of iceblast (35)
   (You found it on level 4 of the Dungeon)
 G - a wand of light (18)
   (You found it on level 9 of the Dungeon)
 H - a wand of paralysis (33)
   (You found it on level 3 of the Dungeon)
 S - a wand of mindburst (5)
   (You found it on level 5 of the Lair of Beasts)
Scrolls
 l - 6 scrolls of magic mapping
 m - 3 scrolls of fear
 r - 3 scrolls of identify
 t - 8 scrolls of teleportation
 y - 3 scrolls of enchant armour
 z - 3 scrolls of blinking
 D - 3 scrolls of immolation
 M - a scroll of silence
 P - 3 scrolls of enchant weapon
 U - a scroll of vulnerability
Potions
 a - 2 potions of invisibility
 d - 6 potions of might
 h - 3 potions of haste
 j - 6 potions of ambrosia
 n - a potion of resistance
 q - 5 potions of curing
 u - 4 potions of flight
 w - 6 potions of heal wounds
 x - 6 potions of mutation
 E - 3 potions of lignification
 N - 2 potions of magic
Miscellaneous
 F - a condenser vane
   (You found it on level 13 of the Dungeon)


   Skills:
 + Level 15.2(20.2) Fighting
 - Level 20.5(25.5) Axes
 + Level 15.3(20.3) Armour
 + Level 12.4(17.4) Dodging
 - Level 3.6(8.6) Shields
 - Level 11.0 Invocations


You had 14 spell levels left.
You didn't know any spells.
Your spell library was empty.

Dungeon Overview and Level Annotations

Branches:
Dungeon (15/15)            Temple (1/1) D:5            Lair (5/5) D:8
  Swamp (4/4) Lair:2        Snake (0/4) Lair:2          Orc (2/2) D:9
    Elf (0/3) Orc:2        Vaults (0/5) D:13         Depths (0/4) D:15
 Bailey (visited)
  Slime: Lair:4-5

Altars:
Ashenzari
Cheibriados
Dithmenos
Elyvilon
Fedhas
Gozag
Hepliaklqana
Kikubaaqudgha
Makhleb
Nemelex Xobeh
Okawaru
Qazlal
Ru
Sif Muna
Trog
Uskayaw
Vehumet
Wu Jian
Xom
Yredelemnul
Zin
The Shining One

Shops:
D:1 [   D:8 (   Orc:1 [   Orc:2 =([*

Portals:
Trove: D:14 (give 6 scrolls of blinking)

Annotations:
D:11 exclusion: 2 orange crystal statues
Lair:4 2 transporters, Flugkiller's ghost, journeyman MiFi
Lair:5 exclusion: 3 oklob plants


Innate Abilities, Weirdness & Mutations

You have a pair of horns on your head.
You reflexively headbutt those who attack you in melee.


Message History

A spriggan rider is nearby!
A spriggan comes into view. It is wielding a +0 rapier.
The spriggan shouts!
You see here a hydra corpse.
A spriggan druid comes into view. It is wielding a +0 quarterstaff.
Found a scroll of identify.
The spriggan barely misses you. You furiously retaliate!
You headbutt the spriggan! The spriggan rider misses you.
You furiously retaliate!
You headbutt the spriggan rider.
The spriggan druid calls out to the beasts of the wild!
You carve the spriggan like a ham!!!
You kill the spriggan!
Okawaru accepts your kill.
You miss the spriggan rider. The spriggan rider barely misses you.
You furiously retaliate!
You headbutt the spriggan rider! You completely miss the spriggan rider.
The spriggan rider is moderately wounded.
You slash the spriggan rider!
The spriggan rider is heavily wounded.
The spriggan rider hits you with a +0 spear!
You miss the spriggan rider.
Your headbutt misses the spriggan rider.
The spriggan rider is heavily wounded.
The spriggan rider hits you with a +0 spear!
You slice the spriggan rider!!
You kill the spriggan!
Okawaru accepts your kill.
The hornet is severely wounded.
The hornet stings you but does no damage.
An alligator comes into view.
A goliath frog comes into view.
You slice the hornet!!
You kill the hornet!
Okawaru accepts your kill.
You enter the shallow water.
Moving in this stuff is going to be slow.
The spriggan druid splashes around in the water.
Your unstable footing causes you to fumble your attack.
The spriggan druid hits you but does no damage.
You slice the spriggan druid!!
The spriggan druid is heavily wounded.
The spriggan druid calls out to the beasts of the wild!
You closely miss the spriggan druid.
Your headbutt misses the spriggan druid.
The spriggan druid is heavily wounded.
The spriggan druid splashes around in the water.
Your unstable footing causes you to fumble your attack.
The alligator puts on a burst of speed!
The goliath frog hits you but does no damage.
Your unstable footing causes you to fumble your attack.
The spriggan druid hits you with a +0 quarterstaff.
A tyrant leech comes into view.
You slice the spriggan druid!!
With its final breath, the spriggan druid offers up its power to the beasts of the wild!
The alligator seems to grow more fierce.
The goliath frog seems to grow more fierce.
The tyrant leech seems to grow more fierce.
You kill the spriggan druid!
Okawaru accepts your kill.
You hear a splash. x2
You slash the alligator! The goliath frog misses you. The alligator bites you!!
The alligator tail-slaps you!
Your unstable footing causes you to fumble your attack.
The goliath frog completely misses you. The alligator bites you!
The alligator tail-slaps you.
Your unstable footing causes you to fumble your attack.
The goliath frog hits you from afar!
You are splashed with acid!
A tyrant leech comes into view.
The alligator completely misses you.
The alligator tail-slaps you but does no damage.
The goliath frog hits you but does no damage.
The tyrant leech barely misses you. You furiously retaliate!
You headbutt the tyrant leech! The alligator bites you!
* * * LOW HITPOINT WARNING * * *
The alligator tail-slaps you but does no damage.
The goliath frog misses you. The tyrant leech bites you.
* * * LOW HITPOINT WARNING * * *
The alligator barely misses you.
The alligator tail-slaps you but does no damage.
You are too injured to fight recklessly!
You feel more confident with your borrowed prowess.
The goliath frog misses you. The alligator completely misses you.
The alligator barely misses you.
You are too injured to fight recklessly!
You slice the alligator!!
Lightning courses through the alligator!!
You headbutt the alligator.
The alligator is severely wounded.
You barely miss the tyrant leech. The tyrant leech closely misses you.
You furiously retaliate!
You headbutt the tyrant leech. The goliath frog misses you.
The alligator closely misses you. The alligator misses you.
You slash the alligator!
The alligator is almost dead.
You slice the tyrant leech!!
Lightning courses through the tyrant leech!!
The goliath frog hits you but does no damage.
The tyrant leech bites you!!
* * * LOW HITPOINT WARNING * * *
The alligator bites you!!
You die...

♣♣♣♣♣ ♣♣ ♣♣♣
♣♣♣♣♣PPPP ♣~♣♣ ..~~
~.♣~~~~~♣♣♣♣~~.~
~~~~~ .?~§~§~.♣~.~~~~
~~...♣♣~♣♣♣.)...../..
~~~~§.~w.♣♣♣♣<~~~<.§~
.~~~~§.)@♣♣.~~~~~~..~
~~~~~~)~t.†~~~~~~~..~
.~~~..~~)F.~~~~~~.~~~
♣~~~~.~~~~.~~§~~~..~~
♣♣~..~~~§§~..~~....~~
######~.~~w..~~...~.
###~~~.♣♣♣♣♣§~♣
###~♣~. ♣♣♣ #♣♣~


You could see an alligator (strong, swift), 2 tyrant leeches and a goliath frog
(strong).

Vanquished Creatures
  Jorgrun (Orc:2)
  Rupert (D:13)
  Gastronok (Lair:2)
  Kirke (Lair:3)
  A thorn hunter (Swamp:4)
  2 eleionomae
  A great orb of eyes (D:15)
  Josephine (Lair:3)
  Fannar (D:12)
  Erolcha (D:9)
  4 vault guards (D:13)
  Harold (Lair:2)
  8 boulder beetles
  13 hydras
  6 centaur warriors
  5 two-headed ogres
  Sonja (D:13)
  A skeletal warrior (D:13)
  A spriggan druid (Swamp:4)
  A wizard (D:15)
  A lindwurm (Lair:3)
  A deep elf pyromancer (Bailey)
  9 orc knights
  2 manticores (D:14)
  An orc sorcerer (Orc:2)
  13 ugly things
  4 cyclopes
  4 elephants
  A salamander (D:15)
  An ice statue (D:10)
  3 black mambas
  A torpor snail (Lair:3)
  16 cane toads
  A gargoyle (D:11)
  Psyche (D:8)
  A kobold demonologist (D:14)
  An unseen horror (D:11)
  Maggie (Lair:1)
  8 rime drakes
  A tengu conjurer (D:13)
  2 efreet
  6 komodo dragons
  3 meliai (Lair:3)
  2 meliai (shapeshifter)
  A queen bee (Lair:3)
  A bloated husk (Swamp:1)
  9 trolls
  3 polar bears (Lair:5)
  4 hornets
  2 tyrant leeches
  15 dream sheep
  10 blink frogs (Lair:5)
  2 centaur simulacra
  2 shadows
  7 wraiths
  4 water elementals (D:14)
  17 spriggans
  16 wyverns
  Eustachio (D:5)
  14 basilisks
  43 yaks
  5 humans (Lair:3)
  Grum (D:10)
  4 vampire mosquitoes
  2 steam dragons
  A warg (Orc:2)
  3 nagas (Lair:2)
  A swamp worm (Swamp:1)
  Menkaure (D:5)
  An acid dragon (D:9)
  14 water moccasins
  An acid dragon (shapeshifter) (D:14)
  A floating eye (shapeshifter) (D:15)
  4 swamp drakes
  A sky beast (D:7)
  An ice beast (D:5)
  47 orc warriors
  2 black bears (Lair:5)
  4 boggarts (Lair:5)
  68 wolves
  10 ogres
  16 centaurs
  3 kobold brigands
  8 bullfrogs
  3 scorpions
  3 necrophages
  2 gnoll sergeants
  6 wights
  35 killer bees
  6 electric eels
  7 howler monkeys
  5 hounds
  A gnoll bouda (D:7)
  3 jellies
  11 orc priests
  33 orc wizards
  7 iguanas
  6 hell rats (Lair:4)
  7 adders
  23 gnolls
  2 shadow imps (D:7)
  A white imp (D:6)
  2 ufetubi (D:6)
  2 worms
  4 dart slugs
  107 orcs
  9 bats
  4 endoplasms
  6 giant cockroaches
  11 hobgoblins
  11 jackals
  4 quokkas
  2 ball pythons
  4 frilled lizards
  11 goblins
  19 kobolds
  4 rats
847 creatures vanquished.

Vanquished Creatures (others)
  3 bloated husks (Swamp:1)
  A vampire mosquito (Swamp:1)
  An orc (D:14)
  37 fungi
  58 plants
100 creatures vanquished.

Grand Total: 947 creatures vanquished

Notes
Turn   | Place    | Note
-------+----------+-------------------------------------------
     0 | D:1      | Flugkiller the Minotaur Fighter began the quest for the
                  | Orb.
     0 | D:1      | Reached XP level 1. HP: 19/19 MP: 0/0
   338 | D:1      | Reached skill level 3 in Axes
   338 | D:1      | Reached XP level 2. HP: 25/27 MP: 1/1
   449 | D:1      | Found Lisiro's Armour Boutique.
   662 | D:1      | Reached XP level 3. HP: 33/33 MP: 2/2
  1287 | D:2      | Reached skill level 4 in Axes
  1493 | D:2      | Reached XP level 4. HP: 40/40 MP: 3/3
  2244 | D:3      | Found a faded altar of an unknown god.
  2392 | D:4      | Reached XP level 5. HP: 27/47 MP: 4/4
  2548 | D:4      | Reached skill level 5 in Axes
  2736 | D:4      | Noticed an ogre
  2743 | D:4      | Killed an ogre
  2744 | D:4      | Reached skill level 5 in Fighting
  2744 | D:4      | Reached skill level 5 in Armour
  2748 | D:4      | Reached XP level 6. HP: 30/56 MP: 5/5
  2898 | D:4      | Found a white marble altar of Elyvilon.
  3081 | D:4      | Reached skill level 6 in Axes
  3628 | D:5      | Entered Level 5 of the Dungeon
  3678 | D:5      | Noticed Eustachio
  3719 | D:5      | Found a staircase to the Ecumenical Temple.
  3731 | D:5      | Killed Eustachio
  3732 | D:5      | Reached skill level 7 in Axes
  3732 | D:5      | Reached XP level 7. HP: 23/62 MP: 6/6
  3928 | Temple   | Entered the Ecumenical Temple
  4323 | Temple   | Became a worshipper of Warmaster Okawaru
  4673 | D:5      | Noticed Menkaure
  4705 | D:5      | Reached skill level 1 in Invocations
  4719 | D:5      | Killed Menkaure
  5293 | D:5      | Reached skill level 8 in Axes
  5486 | D:5      | Reached * piety under Okawaru
  5487 | D:5      | Reached XP level 8. HP: 61/71 MP: 8/8
  5897 | D:6      | Reached skill level 9 in Axes
  6495 | D:6      | Identified the +6 battleaxe of the Pits of Slime {flame,
                  | Str+3}
  6908 | D:7      | Reached ** piety under Okawaru
  6910 | D:7      | Reached skill level 1 in Dodging
  6910 | D:7      | Reached XP level 9. HP: 79/79 MP: 7/10
  6912 | D:7      | Reached skill level 10 in Axes
  7082 | D:7      | Reached *** piety under Okawaru
  8019 | D:8      | Reached skill level 11 in Axes
  8135 | D:8      | Reached **** piety under Okawaru
  8143 | D:8      | Reached XP level 10. HP: 90/90 MP: 12/12
  8143 | D:8      | Noticed Psyche
  8154 | D:8      | Reached skill level 5 in Invocations
  8162 | D:8      | Killed Psyche
  8166 | D:8      | Reached ***** piety under Okawaru
  8626 | D:1      | Bought the +1 plate armour of Terror {rPois} for 431 gold
                  | pieces
  8891 | D:8      | Found Pyrex's Hydra Hut.
  8892 | D:8      | Noticed a five-headed hydra
  8902 | D:8      | Found a staircase to the Lair.
  8949 | D:8      | Noticed a two-headed ogre
  8956 | D:8      | Killed a two-headed ogre
  8957 | D:8      | Reached skill level 12 in Axes
  9534 | D:8      | Reached skill level 5 in Dodging
  9591 | D:9      | Received a gift from Okawaru
  9594 | D:9      | Noticed Erolcha
  9612 | D:9      | Killed Erolcha
  9612 | D:9      | Received a gift from Okawaru
  9836 | D:9      | Reached XP level 11. HP: 85/99 MP: 11/14
  9838 | D:9      | Received a gift from Okawaru
 10093 | D:9      | Found a shadowy altar of Dithmenos.
 10318 | D:9      | Found a staircase to the Orcish Mines.
 10348 | D:9      | Reached skill level 13 in Axes
 10570 | D:10     | Entered Level 10 of the Dungeon
 10570 | D:10     | Noticed Grum
 10742 | D:10     | Noticed a two-headed ogre
 10745 | D:10     | Killed a two-headed ogre
 10946 | D:10     | Found a flagged portal.
 10958 | Bailey   | Entered a bailey
 11012 | Bailey   | Reached skill level 10 in Fighting
 11012 | Bailey   | Noticed an orc knight
 11021 | Bailey   | Found a large runed translucent door.
 11021 | Bailey   | Found a large runed translucent door.
 11025 | Bailey   | Reached skill level 10 in Armour
 11025 | Bailey   | Killed an orc knight
 11029 | Bailey   | Noticed a deep elf pyromancer
 11260 | Bailey   | Found the +0 mask of the Dragon {Will+ Slay+3 SInv}
 11368 | Bailey   | Killed a deep elf pyromancer
 11552 | D:10     | Identified the +1 pair of gloves "Kovukus" {Str+2 Int+2
                  | Dex+4} (Okawaru gifted it to you on level 10 of the
                  | Dungeon)
 11552 | D:10     | Received a gift from Okawaru
 11557 | D:10     | Killed Grum
 12222 | D:11     | Noticed a boulder beetle
 12234 | D:11     | Killed a boulder beetle
 12505 | D:11     | Noticed an orc knight
 12505 | D:11     | Noticed a two-headed ogre
 12506 | D:11     | Noticed a two-headed ogre
 12509 | D:11     | Reached skill level 14 in Axes
 12862 | D:11     | Noticed an orange crystal statue
 12862 | D:11     | Noticed an orange crystal statue
 13003 | D:11     | Killed an orc knight
 13049 | D:11     | Killed a two-headed ogre
 13051 | D:11     | Killed a two-headed ogre
 13325 | D:11     | Reached XP level 12. HP: 108/108 MP: 16/16
 13610 | Lair:1   | Entered Level 1 of the Lair of Beasts
 13703 | Lair:1   | Identified the +2 falchion "Spiderbane" {elec, rF+}
 14028 | Lair:1   | Noticed Maggie
 14034 | Lair:1   | Killed Maggie
 14275 | Lair:2   | Noticed an eight-headed hydra
 14282 | Lair:2   | Noticed Gastronok
 14283 | Lair:2   | Reached skill level 15 in Axes
 14285 | Lair:2   | Killed a four-headed hydra
 14289 | Lair:2   | Noticed Harold
 14299 | Lair:2   | Killed Harold
 14299 | Lair:2   | Reached ****** piety under Okawaru
 14307 | Lair:2   | Killed Gastronok
 14307 | Lair:2   | Received a gift from Okawaru
 14435 | Lair:2   | Noticed an eight-headed hydra
 14443 | Lair:2   | Killed a four-headed hydra
 14707 | Lair:2   | Found a staircase to the Snake Pit.
 14985 | Lair:2   | Found a staircase to the Swamp.
 15030 | Lair:2   | Noticed a four-headed hydra
 15033 | Lair:2   | Killed a one-headed hydra
 15141 | Lair:3   | Noticed Josephine
 15148 | Lair:3   | Killed Josephine
 15149 | Lair:3   | Reached skill level 16 in Axes
 15151 | Lair:3   | Identified the +2 plate armour of the Robin {+Inv Will+
                  | Str+2 Slay+3} (Okawaru gifted it to you on level 3 of the
                  | Lair of Beasts)
 15151 | Lair:3   | Received a gift from Okawaru
 15155 | Lair:3   | Reached XP level 13. HP: 115/117 MP: 16/18
 15939 | Lair:3   | Noticed Kirke
 15950 | Lair:3   | Killed Kirke
 16175 | Lair:4   | Found a transporter.
 16177 | Lair:4   | Found a transporter.
 16178 | Lair:4   | Noticed Flugkiller's ghost (journeyman MiFi)
 16277 | Lair:4   | Reached skill level 17 in Axes
 16680 | Lair:5   | Entered Level 5 of the Lair of Beasts
 16702 | Lair:5   | Identified the +11 executioner's axe "Zout" {elec, rN+++
                  | Will+ MP+9 Dex-5} (Okawaru gifted it to you on level 5 of
                  | the Lair of Beasts)
 16702 | Lair:5   | Received a gift from Okawaru
 16929 | Lair:5   | Reached XP level 14. HP: 116/127 MP: 20/20
 17029 | Lair:5   | Reached skill level 10 in Dodging
 17034 | Lair:5   | Reached skill level 10 in Invocations
 17157 | Lair:5   | Received a gift from Okawaru
 17171 | Lair:5   | Reached skill level 18 in Axes
 18269 | D:10     | Identified the amulet of Nuiro {Faith Harm Regen+ Int+3
                  | Dex+2}
 18802 | D:12     | Found a broken altar of Ashenzari.
 19307 | D:12     | Noticed Fannar
 19314 | D:12     | Killed Fannar
 19314 | D:12     | Identified the +1 pair of gloves of Complete Protection
                  | {Dex+4} (Okawaru gifted it to you on level 12 of the
                  | Dungeon)
 19314 | D:12     | Received a gift from Okawaru
 19445 | D:13     | Found a gate to the Vaults.
 19646 | D:13     | Noticed Rupert
 19653 | D:13     | Killed Rupert
 19684 | D:13     | Found a radiant altar of Vehumet.
 19834 | D:13     | Noticed Sonja
 19841 | D:13     | Killed Sonja
 19842 | D:13     | Reached XP level 15. HP: 119/138 MP: 22/22
 20294 | D:14     | Found an iron altar of Okawaru.
 20303 | D:14     | Reached skill level 19 in Axes
 20365 | D:14     | Identified the +1 hat of Creativity {MP+9 Str+4 SInv}
                  | (Okawaru gifted it to you on level 14 of the Dungeon)
 20365 | D:14     | Received a gift from Okawaru
 20833 | D:14     | Found a portal to a secret trove of treasure.
 21058 | D:15     | Entered Level 15 of the Dungeon
 21291 | D:15     | Found a staircase to the Depths.
 21846 | Orc:1    | Entered Level 1 of the Orcish Mines
 21921 | Orc:2    | Entered Level 2 of the Orcish Mines
 22048 | Orc:2    | Found a staircase to the Elven Halls.
 22129 | Orc:2    | Reached skill level 20 in Axes
 22133 | Orc:2    | Noticed Jorgrun
 22150 | Orc:2    | Killed Jorgrun
 22193 | Orc:2    | Found Eraur's Weapon Boutique.
 22209 | Orc:2    | Found Bigiuv's Jewellery Shoppe.
 22218 | Orc:2    | Identified the +5 pair of gloves "Olerab" {Will+ Int+3}
                  | (Okawaru gifted it to you on level 2 of the Orcish Mines)
 22218 | Orc:2    | Received a gift from Okawaru
 22221 | Orc:2    | Reached skill level 15 in Armour
 22498 | Orc:2    | Found Rosherir's General Store.
 22542 | Orc:2    | Found Ryavymev's Antique Armour Shoppe.
 22916 | Orc:1    | Found Qarow's Antique Armour Boutique.
 23357 | Swamp:1  | Entered Level 1 of the Swamp
 23364 | Swamp:1  | Reached skill level 15 in Fighting
 23788 | Swamp:4  | Entered Level 4 of the Swamp
 23788 | Swamp:4  | Noticed a thorn hunter
 23798 | Swamp:4  | Killed a thorn hunter
 23838 | Swamp:4  | Slain by an alligator

Illustrated notes

Levels and vault maps discovered:
D:1:      zelgadis_glass_arrival_small, layout_loops_corners, serial_shops,
          shop, serial_park_tiny_1
D:2:      layout_loops_cross
D:3:      layout_rooms, dreamdust_ecumenical_altar_grove,
          hangedman_decor_clover_reticule
D:4:      layout_cave_pods, overflow_temple_1_default
D:5:      layout_basic, minmay_temple_entry_ruins, uniq_eustachio, uniq_menkaure
D:6:      layout_loops_ring
D:7:      layout_rooms, minmay_quadrilaterals
D:8:      layout_loops_ring, minmay_lair_entry_grove, dk_noncrumbling_3,
          doesnt_shop_hydraphobe, uniq_psyche
D:9:      hellmonk_ruined_rings, layout_cave_pools,
          nicolae_dithmenos_the_darkroom, erik_orc_1, serial_rivers,
          chequers_serial_rivers_small_b, chequers_serial_rivers_large_a,
          chequers_serial_rivers_room_a, chequers_serial_rivers_micro_a,
          uniq_erolcha
D:10:     layout_roguey, enter_bailey_3, minivault_15,
          kennysheep_generic_room_4, uniq_grum
D:11:     layout_loops_ring, david_greed
D:12:     layout_loops_corners, ashenzari_conservatory_becter, uniq_fannar
D:13:     layout_irregular_city, lightli_vaults_fourway_checkpoint,
          chequers_serial_rivers_room_a, vehumet_crystals, uniq_rupert,
          uniq_sonja
D:14:     layout_basic, nicolae_trove_entry_crossroad,
          okawaru_ov_weapons_minmay, corner_web_ring
D:15:     hangedman_depths_entry_try_elsewhere_first, layout_cave_pools,
          chequers_serial_rivers_micro_c
Temple:   mainiacjoe_temple_big_plus
Lair:1:   layout_roguey, infiniplex_staircase_pool_2, lemuel_fruit_fields,
          uniq_maggie
Lair:2:   layout_regular_city, swamp_mist_pool, guppyfry_snake_entry_garden,
          gauntlet_entry_generic, grunt_megastairs_4, lemuel_fruit_fields,
          lemuel_fruit_tree, uniq_gastronok, uniq_harold
Lair:3:   regret_index_tunnel_blossom, layout_loops_ring,
          grunt_forest_large_clearing_hut, uniq_josephine, uniq_kirke
Lair:4:   layout_roguey [special_room_mythical_zoo], gammafunk_ghost_hive
Lair:5:   minmay_lair_end_enchanted_forest, layout_cave_pods,
          minmay_slime_entry_oklob_open, nicolae_quartered_pool_medium,
          grunt_megastairs_5
Swamp:1:  layout_basic_swamp, infiniplex_staircase_pool, swamp_pool5,
          roderic_carrion_pond
Swamp:2:  layout_basic_swamp, nicolae_swamp_little_tower, swamp_pool1,
          nicolae_swamp_dense_foliage
Swamp:3:  layout_falls_marsh, serial_swamp_ruin, hangedman_swamp_ruin_wall,
          evilmike_swamp_ruin_rubble_2, evilmike_swamp_ruin_house_1
Swamp:4:  nzn_swamp_witches_coven, layout_basic_swamp
Orc:1:    layout_caves, serial_shops, nicolae_square_shop
Orc:2:    st_orc_town, layout_caves, mines1_david, uniq_jorgrun

Skill      XL: |  1  2  3  4  5  6  7  8  9 10 11 12 13 14 15 |
---------------+----------------------------------------------+-----
Axes           | 3 4 5 7 8 9 11 12 14 16 17 18 20 | 20.5
Armour         | 4 5 6 7 8 9 10 11 12 14 15 | 15.3
Fighting       | 4 5 6 7 8 9 10 11 12 14 15 | 15.2
Invocations    | 2 3 4 6 7 8 9 10 11 | 11.0
Dodging        | 1 3 5 7 8 9 11 12 | 12.4
Shields        | |  3.6

Action                   |  1- 3 |  4- 6 |  7- 9 | 10-12 | 13-15 || total
-------------------------+-------+-------+-------+-------+-------++-------
Melee: War axe           |    95 |   136 |   129 |       |       ||   360
       Headbutt          |    21 |    18 |    29 |    55 |   165 ||   288
       Battleaxe         |       |       |    78 |   368 |   223 ||   669
       Executioner's axe |       |       |       |       |   659 ||   659
Invok: Heroism           |       |       |     2 |    11 |    18 ||    31
       Finesse           |       |       |       |       |     2 ||     2
Evoke: Wand              |       |       |     3 |       |       ||     3
  Use: Potion            |       |     1 |     2 |     3 |     1 ||     7
       Scroll            |       |       |    12 |     9 |     7 ||    28
 Stab: Invisible         |       |       |       |     4 |       ||     4
Armor: Scale mail        |    57 |    57 |    90 |     3 |       ||   207
       Skin              |       |       |    12 |       |       ||    12
       Plate armour      |       |       |       |   201 |   482 ||   683
Dodge: Dodged            |    44 |    71 |   104 |   201 |   671 ||  1091
Block: Buckler           |    35 |    35 |    20 |       |       ||    90
       Other             |       |       |     5 |    74 |       ||    79
